 Dungeon Crawl Stone Soup version 0.30-a0-5-g3a90980b9d (webtiles) character file.

Game seed: 14585207284745332747

1509 Plasmagod the Fighter (level 8, -6/60 HPs)
             Began as a Gargoyle Fighter on Aug 22, 2022.
             Was a Believer of Ru.
             Killed by divine providence
             ... invoked by an orc priest
              (12 damage)
             ... on level 6 of the Dungeon.
             The game lasted 00:09:48 (6409 turns).

Plasmagod the Fighter (Gargoyle Fighter)            Turns: 6409, Time: 00:09:48

Health: -6/60      AC: 28    Str: 23    XL:     8   Next: 82%
Magic:  8/8        EV:  6    Int:  6    God:    Ru [**....]
Gold:   252        SH:  0    Dex:  9    Spells: 7/7 levels left

rFire   . . .      SeeInvis .    z - +0 flail (protect)
rCold   . . .      Faith    .    (shield unavailable)
rNeg    + + +      Spirit   .    s - +0 plate armour
rPois   ∞          Reflect  .    (no helmet)
rElec   +          Harm     .    G - +2 cloak
rCorr   +          Rampage  .    (no gloves)
Will    .....                    A - +0 pair of boots
Stlth   ..........               (no amulet)
HPRegen 0.20/turn                (ring unavailable)
MPRegen 0.11/turn                w - ring of Asyenwu {rPois rN+++ rCorr Int-2 Stlth-}

@: under a protective aura
A: sickness immunity, AC +5, negative energy resistance 1, electricity
resistance, torment resistance 1, petrification resistance, missing a hand
a: Renounce Religion


You were on level 6 of the Dungeon.
You worshipped Ru.
Ru was pleased with you.
You visited 1 branch of the dungeon, and saw 6 of its levels.

You collected 252 gold pieces.

Inventory:

Hand Weapons
 a - a +0 war axe
 z - a +0 flail of protection (weapon)
Missiles
 f - 20 poisoned darts (quivered)
Armour
 s - a +0 plate armour (worn)
 A - a +0 pair of boots (worn)
 G - a +2 cloak (worn)
Jewellery
 m - a +6 ring of intelligence
 n - an amulet of faith
 t - a ring of protection from cold
 u - a ring of protection from fire
 w - the ring of Asyenwu (right hand) {rPois rN+++ rCorr Int-2 Stlth-}
   (You found it on level 4 of the Dungeon)

   [ring of resist corrosion]

   Int:       It affects your intelligence (-2).
   rPois:     It protects you from poison.
   rN:        It renders you almost immune to negative energy.
   rCorr:     It protects you from acid and corrosion.
   Stlth:     It makes you less stealthy.
Wands
 c - a wand of flame (9)
Scrolls
 b - 2 scrolls of butterflies {unknown}
 e - 3 scrolls of immolation {unknown}
 g - a scroll of fear {unknown}
 h - 5 scrolls of identify {unknown}
 i - 7 scrolls of teleportation {unknown}
 j - 2 scrolls of torment {unknown}
 k - 2 scrolls of silence {unknown}
 l - a scroll of amnesia {unknown}
 p - a scroll of noise {unknown}
 v - a scroll of poison {unknown}
 y - a scroll of blinking {unknown}
 D - a scroll of enchant armour {unknown}
 H - a scroll of enchant weapon {unknown}
 I - a scroll of vulnerability {unknown}
Potions
 d - 2 potions of might
 o - 3 potions of heal wounds {unknown}
 q - a potion of ambrosia
 r - 2 potions of flight {unknown}
 x - 2 potions of haste {unknown}
 B - a potion of brilliance {unknown}
 C - 2 potions of curing {unknown}
 E - a potion of cancellation {unknown}
 F - a potion of degeneration {unknown}


   Skills:
 - Level 12.0 Fighting
 + Level 2.2 Axes
 - Level 3.2 Armour


You had 7 spell levels left.
You didn't know any spells.
Your spell library contained the following spells:

 Spells                   Type           Power      Damage    Failure   Level
 Static Discharge         Conj/Air       0%         3-3/arc   100%        2
 Petrify                  Tmut/Erth      0%         N/A       100%        4
 Freezing Cloud           Conj/Ice/Air   0%         6-21      100%        5
 Irradiate                Conj/Tmut      0%         3d11      100%        5
 Lightning Bolt           Conj/Air       0%         1d11      100%        5
 Simulacrum               Ice/Necr       0%         N/A       100%        6
 Polar Vortex             Ice            0%         N/A       100%        9
 Sublimation of Blood     Necr           Unusable   N/A       N/A         2

Dungeon Overview and Level Annotations

Branches:
Dungeon (6/15)             Temple (0/1) D:6

Altars:
Gozag
Qazlal
Ru
Vehumet
The Shining One

Shops:
D:1 :*!


Innate Abilities, Weirdness & Mutations

You are immune to sickness and miasma.
Your stone body is resilient. (AC +5)
You are immune to poison.
You resist negative energy. (rN+)
You are resistant to electric shocks. (rElec)
You are resistant to unholy torment.
You are immune to petrification.
You are missing a hand.


Message History

The orc priest is lightly wounded.
The orc priest hits you but does no damage.
The orc priest hits you with a +0 trident.
You hit the orc priest.
The orc priest is heavily wounded.
The orc priest invokes the aid of Beogh against you.
Beogh smites you!
The orc priest mumbles some strange prayers to Beogh against you.
Beogh smites you!
You closely miss the orc priest.
The orc priest is heavily wounded.
The orc priest closely misses you.
The orc priest looks satisfied for a moment.
The orc priest hits you but does no damage.
The orc priest invokes the aid of Beogh against you.
Beogh smites you!
* * * LOW HITPOINT WARNING * * *
You barely miss the orc priest.
The orc priest is severely wounded.
The orc priest hits you but does no damage.
You sock the orc priest!
You kill the orc priest!
The orc priest barely misses you. The orc barely misses you.
The orc priest hits you but does no damage.
The orc is stunned by your conviction and fails to attack.
You hit the orc priest but do no damage.
The orc closely misses you.
The orc priest calls down the wrath of Beogh upon you.
Beogh smites you!
* * * LOW HITPOINT WARNING * * *
You closely miss the orc priest.
The orc priest hits you but does no damage.
The orc hits you but does no damage.
You hit the orc priest.
The orc priest is moderately wounded.
The orc priest hits you but does no damage.
The orc hits you but does no damage. The orc barely misses you.
The orc priest invokes the aid of Beogh against you.
Beogh smites you!
You die...

#.# ## .######.# .# ..
.#......#### .# ..
#'##...........# .# ...
#.##.#.######.## .# ...# #.# .#
#<# .# ...#.# .#.######.#
.###########.#.##o#........#
.#..............@)......####
.#.#########.#...o.........#
.#.######.. #.##.....#.##.#
...)....#.# #.##.#.#.#.##.#
.#.####'#.# #.##.#.#.#.##.#
.#.###....# #........#.##.######
..........#..#........#..........
..........#.....#.#.#.#.##.######
..........#..#....###.#.##.#


You could see an orc priest and an orc.

Vanquished Creatures
  Grinder (D:5)
  Sigmund (D:5)
  An ice beast (D:6)
  A black bear (D:4)
  An orc warrior (D:6)
  An ogre (D:6)
  A phantom (D:4)
  A howler monkey (D:5)
  A crimson imp (D:5)
  3 hounds
  Crazy Yiuf (D:5)
  A quasit (D:5)
  A jelly (D:6)
  4 orc priests
  An iguana (D:4)
  6 orc wizards
  7 adders
  2 shadow imps
  A white imp (D:5)
  3 ufetubi (D:5)
  A worm (D:3)
  A dart slug (D:2)
  17 orcs
  9 ball pythons
  3 endoplasms
  4 giant cockroaches
  9 goblins
  5 hobgoblins
  6 quokkas
  6 bats
  4 frilled lizards
  2 goblin skeletons (D:5)
  A goblin zombie (D:5)
  2 hobgoblin zombies (D:5)
  6 kobolds
  A kobold zombie (D:5)
  2 orc zombies (D:5)
  4 rats
122 creatures vanquished.

Vanquished Creatures (others)
  An orc (D:6)
  4 demonic plants (D:5)
  4 plants (D:1)
9 creatures vanquished.

Grand Total: 131 creatures vanquished

Notes
Turn   | Place    | Note
-------+----------+-------------------------------------------
     0 | D:1      | Plasmagod the Gargoyle Fighter began the quest for the Orb.
     0 | D:1      | Reached XP level 1. HP: 14/14 MP: 1/1
    94 | D:1      | Found Josaoph's Assorted Antiques.
   106 | D:1      | Reached XP level 2. HP: 18/20 MP: 2/2
   154 | D:1      | Reached skill level 4 in Fighting
   471 | D:1      | Found Vuwidupn's Distillery.
   608 | D:1      | Found a faded altar of an unknown god.
   640 | D:1      | Found Ofinik's Book Emporium.
   881 | D:2      | Reached XP level 3. HP: 22/24 MP: 3/3
  1371 | D:2      | Reached skill level 5 in Fighting
  1446 | D:2      | Reached XP level 4. HP: 31/31 MP: 4/4
  2108 | D:3      | Reached skill level 6 in Fighting
  2326 | D:3      | Found a sacrificial altar of Ru.
  2333 | D:3      | Reached XP level 5. HP: 36/36 MP: 5/5
  2339 | D:3      | Became a worshipper of Ru the Awakened
  2343 | D:3      | Found a stormy altar of Qazlal.
  2415 | D:3      | Found an opulent altar of Gozag.
  2553 | D:4      | Identified the ring of Asyenwu {rPois rN+++ rCorr Int-2
                  | Stlth-}
  2595 | D:4      | Noticed a phantom
  2607 | D:4      | Killed a phantom
  2608 | D:4      | Reached skill level 7 in Fighting
  2651 | D:4      | Found a radiant altar of Vehumet.
  2693 | D:4      | Noticed a black bear
  2705 | D:4      | Killed a black bear
  2706 | D:4      | Reached XP level 6. HP: 19/44 MP: 6/6
  3099 | D:4      | Reached skill level 8 in Fighting
  3510 | D:5      | Entered Level 5 of the Dungeon
  3786 | D:5      | Got Vehumet's Vellum of Blasts
  3839 | D:5      | Gained mutation: You are missing a hand. [Ru sacrifice]
  3839 | D:5      | Reached * piety under Ru
  3839 | D:5      | Reached ** piety under Ru
  3846 | D:5      | Reached XP level 7. HP: 27/50 MP: 7/7
  4043 | D:5      | Found a glowing golden altar of the Shining One.
  4107 | D:5      | Noticed Grinder
  4110 | D:5      | Paralysed by Grinder for 2 turns
  4114 | D:5      | Paralysed by Grinder for 5 turns
  4122 | D:5      | Killed Grinder
  4123 | D:5      | Reached skill level 9 in Fighting
  4301 | D:5      | Noticed Sigmund
  4344 | D:5      | Reached skill level 10 in Fighting
  4346 | D:5      | Killed Sigmund
  4347 | D:5      | Reached XP level 8. HP: 26/58 MP: 8/8
  4603 | D:5      | Found a runed translucent door.
  4604 | D:5      | Noticed Crazy Yiuf
  4610 | D:5      | Killed Crazy Yiuf
  5420 | D:6      | Reached skill level 11 in Fighting
  5833 | D:6      | Found a staircase to the Ecumenical Temple.
  5990 | D:6      | Reached skill level 12 in Fighting
  6409 | D:6      | Killed from afar by an orc priest

Illustrated notes

Levels and vault maps discovered:
D:1:      kennysheep_arrival_seaside, layout_rooms,
          hellmonk_ecumenical_altar_pennies_from_heaven, serial_shops,
          nicolae_shop_statue_plus, nicolae_lakefront_shop, shop
D:2:      layout_basic, st_stairs_1
D:3:      layout_rooms, nicolae_gozag_cash_rules_everything_around_me,
          minitemple
D:4:      layout_loops_ring, vehumet_crystals, chequers_serial_rivers_small_b
D:5:      layout_basic, nicolae_tso_besieged_by_evil, serial_demonic,
          serial_demonic_g, serial_demonic_b, serial_demonic_b,
          serial_demonic_e, uniq_crazy_yiuf_cottage, uniq_grinder, uniq_sigmund
D:6:      layout_basic, minmay_temple_entry_sparse_star

Skill      XL: |  1  2  3  4  5  6  7  8 |
---------------+-------------------------+-----
Fighting       | 4 5 6 7 8 10 12 | 12.0
Shields        | 0 |  0.0
Axes           | 2 |  2.2
Armour         | |  3.2

Action                   |  1- 3 |  4- 6 |  7- 9 || total
-------------------------+-------+-------+-------++-------
Melee: War axe           |   106 |   141 |       ||   247
       Flail             |       |    47 |   215 ||   262
Throw: Dart              |       |    29 |     9 ||    38
Invok: Sacrifice a Hand  |       |     1 |       ||     1
  Use: Potion            |       |     1 |     1 ||     2
Armor: Scale mail        |    71 |    49 |       ||   120
       Plate armour      |       |   203 |   265 ||   468
Dodge: Dodged            |    64 |   108 |    81 ||   253
Block: Buckler           |    23 |    49 |       ||    72

Table legend: (Time is in decaauts)
 A = Elapsed time spent in this place.
 B = Non-inter-level travel time spent in this place.
 C = Inter-level travel time spent in this place.
 D = Time resting spent in this place.
 E = Time spent auto-exploring this place.
 F = Levels seen in this place.
 G = Mean time per level.
                   A        B        C        D        E       F      G
               +--------+--------+--------+--------+--------+-----+--------+
         Total |   6616 |   6431 |    185 |      0 |   5226 |   6 | 1102.7 |
       Dungeon |   6616 |   6431 |    185 |      0 |   5226 |   6 | 1102.7 |
               +--------+--------+--------+--------+--------+-----+--------+

Top non-repeatable levels by time:
     D:5: 1942 daAuts
     D:4: 1063 daAuts
     D:6: 1043 daAuts
     D:2: 951 daAuts
     D:1: 862 daAuts
     D:3: 753 daAuts
